[Event "8th Ali Ipek Tournament 2020"]
[Site "Ankara"]
[Date "2020.03.08"]
[Round "7.19"]
[White "Yenice, Yusuf Erkan"]
[Black "Sari, Engin"]
[Result "1-0"]
[ECO "B00"]
[WhiteElo "1514"]
[BlackElo "1457"]
[Annotator "NA RC"]
[PlyCount "135"]
[EventDate "2020.03.04"]
[EventType "swiss"]
[EventCountry "TUR"]
[SourceTitle "playchess.com"]
[Source "ChessBase"]
[SourceQuality "1"]
[TimeControl "5400+30"]

1. e4 Nc6 2. Nf3 f5 3. e5 d6 4. Bb5 dxe5 5. Bxc6+ bxc6 6. Nxe5 Qd5 7. Nf3 Qe6+ 8. Qe2 Qxe2+ 9. Kxe2 g6 10. Re1 Bg7 11. Kf1 Nf6 12. d3 Nd5 13. a3 Rb8 14. c4 Nb6 15. Nc3 Nd7 16. Na4 Rb3 17. Bg5 e5 18. Rad1 O-O 19. Bc1 Ba6 20. Kg1 Rbb8 21. b4 Rbe8 22. Bb2 Bf6 23. Nd2 Nb6 24. Nc5 Bc8 25. a4 Re7 26. a5 Nd7 27. Ndb3 Rfe8 28. f3 Kf7 29. Re2 h5 30. Rde1 g5 31. Kf1 Nf8 32. d4 exd4 33. Bxd4 Ne6 34. Bxf6 Kxf6 35. g3 Nxc5 36. Nxc5 Rxe2 37. Rxe2 Rxe2 38. Kxe2 Ke5 39. Ke3 f4+ 40. gxf4+ gxf4+ 41. Kd3 Bh3 42. Nb3 Bf5+ 43. Kc3 Bd7 44. h4 Bf5 45. Nc5 Bh3 46. Nd3+ Kf5 47. Kd4 Bf1 48. Ne1 Be2 49. Kc5 Bf1 50. Kxc6 Bxc4 51. Kxc7 Ke5 52. Kb7 a6 53. Kb6 Be2 54. Kc5 Bf1 55. Nc2 Bh3 56. Nd4 Bc8 57. b5 axb5 58. Nxb5 Bb7 59. Nd4 Ba8 60. a6 Kf6 61. Kd6 Kg6 62. Nc6 Kf6 63. Kc7 Kf5 64. Kd6 Kf6 65. Nd4 Kg6 66. Ke5 Kf7 67. Kxf4 Kf6 68. Nb5 1-0

[Event "8th Ali Ipek Tournament 2020"]
[Site "Ankara"]
[Date "2020.03.08"]
[Round "7.20"]
[White "Soku, Mustafa Attila"]
[Black "Gokdogan, Alperen"]
[Result "0-1"]
[ECO "D35"]
[WhiteElo "1506"]
[BlackElo "1305"]
[Annotator "NA RC"]
[PlyCount "132"]
[EventDate "2020.03.04"]
[EventType "swiss"]
[EventCountry "TUR"]
[SourceTitle "playchess.com"]
[Source "ChessBase"]
[SourceQuality "1"]
[TimeControl "5400+30"]

1. d4 d5 2. c4 e6 3. Nc3 Nf6 4. cxd5 exd5 5. Bg5 Be7 6. e3 O-O 7. Bd3 h6 8. Bh4 b6 9. Nge2 Bb7 10. Rc1 Nbd7 11. O-O Rc8 12. Bg3 Re8 13. a3 a5 14. Nf4 c6 15. Qe2 Nf8 16. Bf5 Ra8 17. Rfd1 Bc8 18. Bb1 Ne6 19. Qc2 Nxf4 20. Bxf4 Bb7 21. Na4 b5 22. Nc5 Bxc5 23. Qxc5 Qe7 24. Bd6 Qd7 25. Be5 Qe7 26. Qc2 g6 27. Qe2 Nd7 28. Bf4 Kg7 29. Qf3 Qe6 30. g4 Rac8 31. Qg3 a4 32. h4 Rh8 33. h5 g5 34. Bf5 gxf4 35. Bxe6 fxg3 36. Bxd7 gxf2+ 37. Kxf2 Rc7 38. Bf5 Bc8 39. Bxc8 Rhxc8 40. Rc5 Kf6 41. Kg3 Re7 42. Rf1+ Kg7 43. Rc3 Rec7 44. Rc5 Re8 45. Rf3 Re4 46. Kh3 Re6 47. Kg3 Re4 48. Rc3 Re6 49. Rf4 Rce7 50. Kf3 Kf8 51. Rf5 Kg7 52. Rf4 Kf8 53. Kf2 Ke8 54. Rf3 Kd7 55. Rc1 Ke8 56. Rg1 Kf8 57. g5 Kg7 58. g6 fxg6 59. hxg6 Rxg6 60. Rxg6+ Kxg6 61. Ke2 Re6 62. Kd3 h5 63. Rg3+ Kh6 64. Rg8 h4 65. Rf8 Kh5 66. Rf5+ Kg4 0-1